 Dungeon Crawl Stone Soup version 0.17-a0-1446-gc28613e (webtiles) character file.

741 Snupthedog the Magician (level 7, -2/36 HPs)
             Began as a Deep Elf Conjurer on June 28, 2015.
             Was a Priest of Cheibriados.
             Killed from afar by a goblin (12 damage)
             ... with a wand of fire
             ... on level 5 of the Dungeon.
             The game lasted 00:19:03 (4605 turns).

Snupthedog the Magician (Deep Elf Conjurer)         Turns: 4605, Time: 00:19:03

Health: -2/36      AC:  5    Str: 12 (13) XL:     7   Next: 47%
Magic:  9/17       EV: 14    Int: 40      God:    Cheibriados [***...]
Gold:   181        SH:  0    Dex: 23      Spells: 6 memorised, 1 level left

rFire  . . .     SeeInvis .     i - +6 flail "Evue" {crush, Int+5}
rCold  . . .     Clarity  .     g - +0 leather armour {rPois}
rNeg   . . .     SustAt   .     (no shield)
rPois  +         Gourm    .     (no helmet)
rElec  .         Spirit   .     t - +1 cloak
rCorr  .         Warding  .     (no gloves)
rMut   .         Stasis   .     (no boots)
MR     .....                    (no amulet)
Stlth  +++.......               m - +5 ring of intelligence
                                e - +3 ring of slaying

@: very slow, not resistant to hostile enchantments, fairly stealthy
A: breathe flames 1, deterioration 1, low mp 1, MP-powered wands
a: Bend Time, Temporal Distortion, Renounce Religion, Breathe Fire


You were on level 5 of the Dungeon.
You worshipped Cheibriados.
Cheibriados was most pleased with you.
You were not hungry.

You visited 2 branches of the dungeon, and saw 6 of its levels.

You collected 181 gold pieces.

Inventory:

Hand weapons
 i - the +6 flail "Evue" (weapon) {crush, Int+5}
   (You took it off a kobold on level 4 of the Dungeon)

   It inflicts extra damage upon your enemies.
   It affects your intelligence (+5).
Missiles
 o - a throwing net (quivered)
Armour
 a - a +0 robe
 g - a +0 leather armour of poison resistance (worn)
 t - a +1 cloak (worn)
Jewellery
 e - a +3 ring of slaying (left hand)
 m - a +5 ring of intelligence (right hand)
Magical devices
 j - a wand of flame (33)
Scrolls
 l - a scroll of remove curse
 n - a scroll of blinking
 p - a scroll of teleportation
 r - a scroll of identify
 s - a scroll of amnesia
Potions
 d - a potion of cancellation
 u - a potion of brilliance {unknown}
Books
 b - a book of Conjurations

   Spells                             Type                      Level
   a - Magic Dart                     Conjuration                  1
   b - Searing Ray                    Conjuration                  2
   c - Dazzling Spray                 Conjuration/Hexes            3
   d - Fulminant Prism                Conjuration/Hexes            4
   e - Iskenderun's Mystic Blast      Conjuration                  4
   f - Iskenderun's Battlesphere      Conjuration/Charms           5
 k - a book of Frost

   Spells                             Type                      Level
   a - Freeze                         Ice                          1
   b - Throw Frost                    Conjuration/Ice              2
   c - Ozocubu's Armour               Charms/Ice                   3
   d - Throw Icicle                   Conjuration/Ice              4
   e - Summon Ice Beast               Ice/Summoning                4
   f - Condensation Shield            Ice                          4
Comestibles
 c - 8 bread rations
 f - a royal jelly
 h - a beef jerky
 q - a meat ration


   Skills:
 - Level 1.3 Armour
 - Level 3.7 Dodging
 - Level 3.7 Stealth
 - Level 6.5 Spellcasting
 - Level 5.8 Conjurations
 - Level 0.6 Hexes
 + Level 6.3 Charms


You had one spell level left.
You knew the following spells:

 Your Spells              Type           Power        Failure   Level  Hunger
a - Magic Dart            Conj           ####         1%          1    None
b - Searing Ray           Conj           ######       1%          2    None
c - Dazzling Spray        Conj/Hex       #####...     2%          3    None
d - Iskenderun's Battles  Conj/Chrm      ######..     10%         5    ####...
e - Throw Icicle          Conj/Ice       #####...     12%         4    None
f - Ozocubu's Armour      Chrm/Ice       #####...     2%          3    None


Dungeon Overview and Level Annotations

Branches:
Dungeon (5/15)             Temple (1/1) D:4

Altars:
Cheibriados
Fedhas
Gozag
The Shining One


Innate Abilities, Weirdness & Mutations

You can breathe flames.
Your body sometimes deteriorates upon taking damage.
Your magical capacity is low (-10% MP).
You expend magic power (3 MP) to strengthen your wands.


Message History

Casting: Magic Dart
Confirm with . or Enter, or press ? or * to list all spells.
Aiming: Magic Dart
Press: ? - help, Shift-Dir - straight line, f - crimson imp
Aim: a crimson imp The magic dart hits the crimson imp.
The crimson imp is heavily wounded.
Your battlesphere fires!
The barrage of energy hits the crimson imp.
You kill the crimson imp!
Cheibriados appreciates the change of pace.
Your Charms skill increases to level 6!
A goblin comes into view. It is wielding a dagger.
The goblin shouts!
The goblin zaps a wand.
The bolt of fire hits you!
It is a wand of fire.
The goblin zaps a wand.
The bolt of fire hits you!
* * * LOW HITPOINT WARNING * * *
The goblin zaps a wand.
The bolt of fire misses you.
The goblin zaps a wand.
The bolt of fire hits you!
You die...

#.# #####........#.##.....
..# ##...............#...
#######............<.......
#................##.###
#.#......#.....#..#.
#.......#...)..##...
##..............# ##..
.......*.####..## #...
#..#...@.# #.## ...
..........g.... ..
#.##########.## #


You could see a goblin.

Vanquished Creatures
  2 scorpions
  A crimson imp (D:5)
  3 orc wizards (D:4)
  4 orc priests (D:4)
  Ijyb (D:3)
  A hound (D:5)
  4 worker ants
  2 iguanas
  4 adders
  4 gnolls
  A shadow imp (D:5)
  An adder skeleton (D:4)
  3 worms
  3 giant geckos
  16 orcs
  A ball python (D:1)
  13 bats
  A bat skeleton (D:4)
  6 giant cockroaches
  8 hobgoblins
  A jackal (D:3)
  4 giant newts
  7 goblins
  11 kobolds
  8 rats
110 creatures vanquished.

Notes
Turn   | Place    | Note
--------------------------------------------------------------
     0 | D:1      | Snupthedog the Deep Elf Conjurer began the quest for the Orb.
     0 | D:1      | Reached XP level 1. HP: 10/10 MP: 6/6
   274 | D:1      | Reached XP level 2. HP: 15/15 MP: 1/8
   654 | D:2      | Learned a level 2 spell: Searing Ray
   656 | D:2      | Reached skill level 5 in Conjurations
   702 | D:2      | Found an opulent altar of Gozag.
   703 | D:2      | Found a blossoming altar of Fedhas.
   929 | D:2      | Reached XP level 3. HP: 19/19 MP: 2/10
   992 | D:2      | Learned a level 3 spell: Dazzling Spray
  1075 | D:2      | Found a snail-covered altar of Cheibriados.
  1116 | D:2      | Became a worshipper of Cheibriados the Contemplative
  1757 | D:3      | Reached XP level 4. HP: 24/24 MP: 4/12
  1808 | D:3      | Noticed Ijyb
  1815 | D:3      | Killed Ijyb
  1840 | D:3      | Acquired Cheibriados's first power
  2234 | D:3      | Reached skill level 5 in Spellcasting
  2458 | D:4      | Gained mutation: Your magical capacity is low (-10% MP). [potion of mutation]
  2458 | D:4      | Gained mutation: You expend magic power (3 MP) to strengthen your wands. [potion of mutation]
  2458 | D:4      | Gained mutation: You can breathe flames. [potion of mutation]
  2459 | D:4      | Gained mutation: Your body sometimes deteriorates upon taking damage. [potion of mutation]
  2570 | D:4      | Reached XP level 5. HP: 22/28 MP: 10/13
  2946 | D:4      | Reached skill level 6 in Spellcasting
  3125 | D:4      | Reached XP level 6. HP: 28/32 MP: 8/15
  3237 | D:4      | Learned a level 5 spell: Iskenderun's Battlesphere
  3314 | D:4      | Found a staircase to the Ecumenical Temple.
  3323 | Temple   | Entered the Ecumenical Temple
  3679 | D:4      | Acquired Cheibriados's second power
  3733 | D:4      | Got a polished flail
  3735 | D:4      | Identified the +6 flail "Evue" {crush, Int+5} (You took it off a kobold on level 4 of the Dungeon)
  3981 | D:4      | Reached skill level 1 in Charms
  4117 | D:4      | Found a glowing golden altar of the Shining One.
  4120 | D:4      | Reached skill level 1 in Armour
  4237 | D:5      | Entered Level 5 of the Dungeon
  4268 | D:5      | Reached XP level 7. HP: 36/36 MP: 9/16
  4287 | D:4      | Learned a level 4 spell: Throw Icicle
  4291 | D:4      | Learned a level 3 spell: Ozocubu's Armour
  4476 | D:5      | Reached skill level 5 in Charms
  4605 | D:5      | Killed from afar by a goblin

Vault maps used:
D:1:      elethiomel_arrival_shortcut
D:2:      old_standard_altar, nicolae_gozag_seed_capital, fedhas_altar_2
D:3:      first_bread, st_stairs_9, uniq_iyjb
D:4:      lemuel_coloured_pillars_altar, minmay_temple_entry_junction2,
          hangedman_decor_riveting
D:5:      tgw_sif, lemuel_round_altar, zin_scriptorium, serial_shops,
          nicolae_shop_behind_doors
Temple:   temple_island_7

Action                   |  1- 3 |  4- 6 |  7- 9 || total
-------------------------+-------+-------+-------++-------
Melee: Unarmed           |     1 |     6 |       ||     7
       Flail             |       |     3 |       ||     3
 Cast: Magic Dart        |    53 |   113 |    24 ||   190
       Searing Ray       |     4 |    11 |     2 ||    17
       Dazzling Spray    |       |     8 |     1 ||     9
       Throw Icicle      |       |       |     3 ||     3
       Iskenderun's Batt |       |       |     2 ||     2
 Abil: Breathe Fire      |       |     1 |       ||     1
  Use: Scroll            |     2 |     9 |       ||    11
       Potion            |       |     6 |       ||     6
 Stab: Invisible         |       |     2 |       ||     2
       Sleeping          |       |     1 |       ||     1
  Eat: Chunk             |     1 |     2 |       ||     3
       Pizza             |     1 |       |       ||     1
       Fruit             |       |     3 |       ||     3
